 Dungeon Crawl Stone Soup version 0.32-a0-422-g28b100f618 (webtiles) character file.

Game seed: 5056239992836831733

61 shadowstone the Chopper (level 3, -3/30 HPs)
             Began as a Mountain Dwarf Reaver on Feb 21, 2024.
             Slain by Terence
             ... wielding a +0 flail
              (8 damage)
             ... on level 2 of the Dungeon.
             The game lasted 00:03:37 (1215 turns).

shadowstone the Chopper (Mountain Dwarf Reaver)     Turns: 1215, Time: 00:03:39

Health: -3/30      AC:  5    Str: 14    XL:     3   Next: 83%
Magic:  4/6        EV: 10    Int: 15    God:
Gold:   101        SH:  0    Dex:  8    Spells: 3/6 levels left

rFire   . . .        a - +0 hand axe
rCold   . . .        (no shield)
rNeg    . . .        c - +0 ring mail
rPois   .            (no helmet)
rElec   .            (no cloak)
rCorr   .            (no gloves)
SInv    .            (no boots)
Will    .....        (no amulet) Stlth
                     (no ring)
HPRegen 0.25/turn    (no ring)
MPRegen 0.10/turn

%: no passive effects
@: immotile
A: runic magic, artefact enchanting
a: no special abilities


You were on level 2 of the Dungeon.
You visited 1 branch of the dungeon, and saw 2 of its levels.

You collected 101 gold pieces.

Inventory:

Hand Weapons
 a - a +0 hand axe (weapon)
Armour
 b - a +0 leather armour
 c - a +0 ring mail (worn)
 e - a +0 plate armour
Jewellery
 i - a ring of see invisible
Scrolls
 f - a scroll of teleportation {unknown}
 g - a scroll of silence {unknown}
 j - a scroll of noise {unknown}
 l - 2 scrolls of identify {unknown}
Potions
 d - 2 potions of curing {unknown}
 h - 2 potions of might {unknown}
 k - a potion of attraction {unknown}


   Skills:
 + Level 2.5 Fighting
 + Level 4.5 Axes
 + Level 1.4 Armour
 + Level 1.4 Dodging
 + Level 0.1 Stealth
 + Level 2.0 Spellcasting
 + Level 3.0 Conjurations


You had 3 spell levels left.
You knew the following spells:

 Your Spells              Type           Power      Damage    Failure   Level
a - Kiss of Death         Conj/Necr      24%        2d7       14%         1
b - Momentum Strike       Conj/Tloc      12%        3d8       22%         2

Your spell library contained the following spells:

 Spells                   Type           Power      Damage    Failure   Level
 Hailstorm                Conj/Ice       6%         3d5       38%         3


Dungeon Overview and Level Annotations

Branches:
Dungeon (2/15)

Altars:

Annotations:
D:2 Terence


Innate Abilities, Weirdness & Mutations

Your spellcasting is much less encumbered by armour.
You can use scrolls of enchantment on lesser artefacts.


Message History

You cannot redirect your momentum while unable to move.
You cannot redirect your momentum while unable to move.
You cannot redirect your momentum while unable to move.
You cannot redirect your momentum while unable to move.
You barely miss Terence.
Terence is heavily wounded.
You barely miss the kobold. You closely miss the giant cockroach.
The giant cockroach barely misses you.
Terence asks, "Do you want it fast or slow?"
Terence closely misses you. The kobold hits you with a +0 whip.
You closely miss Terence.
Terence is heavily wounded.
You closely miss the giant cockroach. You barely miss the kobold.
The giant cockroach bites you but does no damage.
The kobold barely misses you. Terence barely misses you.
The giant cockroach closely misses you.
You hit Terence but do no damage.
Terence is heavily wounded.
You closely miss the kobold. You barely miss the giant cockroach.
Terence hits you with a +0 flail. The kobold closely misses you.
The giant cockroach closely misses you.
You hit Terence but do no damage.
Terence is heavily wounded.
You hit the giant cockroach. You barely miss the kobold.
Terence closely misses you. The kobold closely misses you.
The giant cockroach barely misses you.
You barely miss Terence.
Terence is heavily wounded.
You hit the kobold.
You kill the kobold!
You hit the giant cockroach.
You kill the giant cockroach!
Terence hits you with a +0 flail!
You hit Terence.
Terence is severely wounded.
Terence hits you with a +0 flail!
* * * LOW HITPOINT WARNING * * *
Terence hits you with a +0 flail!
You die...
Terence says, "Time to find some more victims."

#............#
#.......<....#
#............#
#............#
#............#
#............##########
#.....................#
#.....................#
..............†@......#
.##.####.#....@).....#
#. #.#...........#
#.#...........#
#...........#
#...........#
#...........#
#....$$.....#


You could see Terence.

Vanquished Creatures
  2 ball pythons (D:1)
  3 bats (D:1)
  5 endoplasms
  5 giant cockroaches
  5 goblins (D:1)
  A hobgoblin (D:1)
  3 quokkas
  A frilled lizard (D:1)
  4 kobolds
  3 rats (D:1)
32 creatures vanquished.

Notes
Turn   | Place    | Note
-------+----------+-------------------------------------------
     0 | D:1      | shadowstone the Mountain Dwarf Reaver began the quest for
                  | the Orb.
     0 | D:1      | Reached XP level 1. HP: 17/17 MP: 3/3
   104 | D:1      | Reached skill level 4 in Axes
   114 | D:1      | Reached XP level 2. HP: 20/24 MP: 4/4
   390 | D:1      | Reached XP level 3. HP: 19/30 MP: 5/5
   806 | D:1      | Learned a level 2 spell: Momentum Strike
   972 | D:1      | Reached skill level 1 in Armour
  1203 | D:2      | Noticed Terence
  1215 | D:2      | Slain by Terence

Illustrated notes

Levels and vault maps discovered:
D:1:      dpeg_arrival_pits, layout_loops_ring
D:2:      layout_basic, uniq_terence

Skill      XL: |  1  2  3 |
---------------+----------+-----
Axes           | 4 |  4.5
Conjurations   | 3 |  3.0
Armour         | 1 |  1.4
Spellcasting   | 2 |  2.0
Fighting       | |  2.5
Dodging        | |  1.4
Stealth        | |  0.1

Action                     || total
---------------------------++-------
  Melee: Hand axe          ||   101
   Cast: Momentum Strike   ||     4
 Armour: Ring mail         ||    97
         Leather armour    ||     2
  Dodge: Dodged            ||    80

Table legend: (Time is in decaauts)
 A = Elapsed time spent in this place.
 B = Non-inter-level travel time spent in this place.
 C = Inter-level travel time spent in this place.
 D = Time resting spent in this place.
 E = Time spent auto-exploring this place.
 F = Levels seen in this place.
 G = Mean time per level.
                   A        B        C        D        E       F      G
               +--------+--------+--------+--------+--------+-----+--------+
         Total |   1223 |   1195 |     28 |    372 |    263 |   2 |  611.5 |
       Dungeon |   1223 |   1195 |     28 |    372 |    263 |   2 |  611.5 |
               +--------+--------+--------+--------+--------+-----+--------+

Top non-repeatable levels by time:
     D:1: 1043 daAuts
     D:2: 180 daAuts
